cohdb
Replays
Latest Replays
All Replays
Popular Replays
Top Player Replays
Match Explorer
How It Works
Community
CoH3 Stats
Reddit
Sign in to upload your games and track your stats! →
Sign in with Steam
Match 41538255
Unlisted
Match 41538255
Overview
Messages
Build Orders
End
Kradschützen Motorcycle Team
Kradschützen Motorcycle Team
Kradschützen Motorcycle Team
Construct Light Support Kompanie
Panzerjäger Squad
Assault Grenadier Squad
Fire Support Elements
Selects Italian Infantry
Selects Guastatori Squad
Guastatori Squad
Vehicle Survival Package
Selects L6/40 Light Tank Combat Group
Veteran Squad Leaders
Pak 38 Mechanized Group
Selects Towed Cannone da 105/28 Field Howitzer
Towed Cannone da 105/28 Field Howitzer
Guastatori Squad
Assault Mechanized Group
Selects Defensive Operations
.:PSG:. RedxWings
Nostalgi@
0
0
Comments
sign in to comment!
No comments posted yet!